AoeStats
← weefimonster

Arena

510273485Analyzed
4v4 RM · 1d ago on Sep 30, 2026· 38m 15s· 8 players
Game mode
Random Map
Map size
Large (8 player)
Population
200
Speed
Normal
Resources
Standard
Victory
Conquest
Starting age
Dark Age
Ending age
Imperial Age
RankedLock teamsTeams togetherTeam positionsShared explorationLock speedFull tech treeHidden civsTurbo modeCheats
Victory
Defeat
🇹🇼 Persians · Taiwan
898
+11
🇨🇳 Britons · China
861
+12
🇨🇳 Italians · China
831
+13
🇨🇳 Khmer · China
630
+22
🇪🇸 Khmer · Spain
826
-17
🇹🇷 Persians · Türkiye
799
-16
🇨🇦 Wei · Canada
737
-13
🇺🇸 Armenians · United States
716
-12
weefimonster
11:04 Feudal Age
17:14 Castle Age
15:26 Double-Bit Axe
16:00 Horse Collar
16:16 Gold Mining
17:31 Light Cavalry
20:52 Gold Shaft Mining
21:11 Wheelbarrow
21:41 Scale Barding Armor
23:22 Bloodlines
24:28 Chain Barding Armor
24:19 Stone Mining
24:31 Elite Skirmisher
25:38 Forging
25:20 Fletching
25:50 Bow Saw
26:47 Bodkin Arrow
26:56 Padded Archer Armor
28:47 Leather Archer Armor
29:08 Iron Casting
29:36 Thumb Ring
31:03 Stone Shaft Mining
30:18 Loom
30:54 Hand Cart
30:27 Town Watch
35:39 Imperial Age
34:21 Pikeman
35:04 Husbandry
35:22 Fortified Wall
35:10 Murder Holes
35:40 Ballistics
37:03 Ming Guang Armor
36:59 Block Printing
37:24 Theocracy
Smurfm4n87
0:36 Loom
13:16 Feudal Age
15:08 Horse Collar
16:10 Double-Bit Axe
20:05 Castle Age
19:14 Wheelbarrow
19:33 Man-at-Arms
19:59 Arson
20:35 Forging
20:26 Scale Mail Armor
21:50 Heavy Plow
22:23 Bow Saw
24:20 Iron Casting
23:38 Fletching
23:54 Gambesons
25:26 Redemption
25:54 Long Swordsman
26:34 Squires
27:34 Chain Mail Armor
27:30 Town Watch
29:40 Two-Handed Swordsman
29:50 Pikeman
31:08 Hand Cart
30:56 Bodkin Arrow
31:05 Halberdier
33:27 Champion
35:19 Fervor
36:02 Ballistics
35:25 Treadmill Crane
35:24 Elite Skirmisher
37:21 Padded Archer Armor
indy
10:03 Feudal Age
10:50 Horse Collar
10:58 Double-Bit Axe
17:01 Castle Age
15:16 Stone Mining
21:32 Wheelbarrow
22:31 Gold Mining
28:00 Imperial Age
26:34 Bow Saw
30:16 Conscription
31:39 Murder Holes
32:42 Scale Mail Armor
32:52 Forging
STCLP
0:40 Loom
11:02 Feudal Age
12:23 Wheelbarrow
11:37 Double-Bit Axe
13:59 Horse Collar
18:45 Gold Mining
22:31 Castle Age
20:47 Stone Mining
21:28 Arson
23:19 Hand Cart
23:50 Bow Saw
23:57 Town Watch
25:02 Heavy Plow
28:29 Elite Skirmisher
30:00 Squires
30:34 Pikeman
31:31 Husbandry
32:45 Bloodlines
32:32 Fletching
32:42 Padded Archer Armor
39:08 Imperial Age
37:02 Light Cavalry
38:01 Forging
37:57 Scale Barding Armor
心死就在一瞬間
2:28 Loom
10:35 Feudal Age
16:17 Castle Age
14:43 Double-Bit Axe
17:00 Bow Saw
20:13 Horse Collar
22:13 Stone Mining
24:54 Wheelbarrow
26:09 Heavy Plow
26:27 Hand Cart
27:10 Scale Barding Armor
27:00 Pikeman
27:42 Husbandry
27:52 Bloodlines
29:56 Bloodlines
33:11 Imperial Age
31:08 Squires
30:53 Arson
33:44 Chain Barding Armor
33:24 Scale Mail Armor
33:35 Forging
33:25 Halberdier
33:26 Elite War Elephant
33:58 Cavalier
37:24 Plate Barding Armor
37:04 Chain Mail Armor
37:25 Iron Casting
高老头子
10:44 Feudal Age
16:09 Castle Age
14:06 Double-Bit Axe
14:24 Horse Collar
18:10 Bow Saw
21:33 Loom
22:03 Heavy Plow
23:42 Stone Mining
26:04 Gold Mining
30:45 Imperial Age
29:27 Gold Shaft Mining
28:45 Fletching
28:55 Padded Archer Armor
29:19 Yeomen
29:31 Ballistics
29:07 Murder Holes
29:31 Squires
29:17 Gambesons
29:18 Arson
30:10 Bodkin Arrow
30:31 Leather Archer Armor
32:24 Wheelbarrow
31:32 Elite Longbowman
32:35 Conscription
33:21 Chemistry
33:44 Two-Man Saw
34:46 Siege Engineers
35:52 Bracer
36:23 Ring Archer Armor
35:53 Scale Mail Armor
36:04 Forging
36:21 Warwolf
bnana2K
0:37 Loom
12:36 Feudal Age
17:51 Castle Age
17:12 Stone Mining
17:17 Gold Mining
17:15 Double-Bit Axe
17:13 Horse Collar
18:14 Fletching
27:29 Padded Archer Armor
31:51 Imperial Age
34:09 Chemistry
33:31 Ballistics
33:34 Bodkin Arrow
34:58 Heavy Plow
Captain_S7
13:28 Feudal Age
14:57 Wheelbarrow
14:09 Double-Bit Axe
14:10 Horse Collar
14:32 Gold Mining
15:15 Stone Mining
21:45 Castle Age
20:42 Man-at-Arms
25:53 Imperial Age
24:07 Long Swordsman
26:31 Gold Shaft Mining
26:33 Stone Shaft Mining
30:55 Conscription
Connection lost

Rejoining the realm…

Still unreachable

The connection could not be restored.

Session expired

The server has moved on; the page needs a fresh start.